AoeStats
← gizzinoca

Black Forest

505066624Analyzed
4v4 RM · 23d ago on Sep 7, 2026· 53m 2s· 8 players
Game mode
Random Map
Map size
Large (8 player)
Population
200
Speed
Normal
Resources
Standard
Victory
Conquest
Starting age
Dark Age
Ending age
Imperial Age
RankedLock teamsTeams togetherTeam positionsShared explorationLock speedFull tech treeHidden civsTurbo modeCheats
Victory
Defeat
🇹🇷 Saracens · Türkiye
1097
+12
🇧🇪 Koreans · Belgium
1024
+15
🇧🇷 Romans · Brazil
1019
+15
🇹🇷 Bohemians · Türkiye
914
+52
🇹🇷 Teutons · Türkiye
1035
-17
🇨🇳 Saracens · China
1010
-16
🇨🇳 Vietnamese · China
975
-14
🇺🇸 Japanese · United States
947
-13
CapitaoPlaneta
0:49 Loom
11:22 Feudal Age
14:33 Double-Bit Axe
17:59 Castle Age
16:20 Horse Collar
20:29 Bow Saw
21:45 Stone Mining
25:22 Town Watch
26:51 Wheelbarrow
26:25 Gold Mining
27:07 Heavy Plow
27:26 Padded Archer Armor
27:22 Fletching
29:08 Hand Cart
32:50 Imperial Age
30:42 Fervor
31:07 Leather Archer Armor
30:47 Bodkin Arrow
32:08 Town Patrol
31:34 Elite Skirmisher
32:41 Ballistics
32:17 Murder Holes
32:27 Squires
31:48 Pikeman
33:38 Gold Shaft Mining
33:18 Scale Mail Armor
34:44 Ring Archer Armor
35:17 Chemistry
35:16 Forging
35:21 Chain Mail Armor
34:28 Halberdier
35:37 Onager
37:51 Caravan
38:32 Conscription
38:33 Comitatenses
38:20 Ballistas
37:46 Sappers
38:53 Iron Casting
38:25 Scale Barding Armor
37:41 Man-at-Arms
38:32 Siege Engineers
38:37 Masonry
38:37 Elite Centurion
38:44 Long Swordsman
39:26 Husbandry
39:37 Bloodlines
38:47 Light Cavalry
39:30 Legionary
41:38 Capped Ram
43:46 Blast Furnace
43:07 Chain Barding Armor
43:31 Fortified Wall
43:52 Architecture
44:42 Crop Rotation
46:54 Siege Ram
46:55 Heavy Scorpion
48:55 Plate Barding Armor
noumha
0:43 Loom
12:00 Feudal Age
17:52 Castle Age
17:29 Fletching
21:45 Horse Collar
33:30 Double-Bit Axe
33:54 Bodkin Arrow
40:01 Imperial Age
38:06 Wheelbarrow
38:40 Ballistics
38:35 Forging
38:30 Scale Barding Armor
38:53 Crossbowman
39:40 Thumb Ring
40:07 Elite War Wagon
41:50 Chemistry
41:58 Masonry
42:18 Bracer
44:33 Conscription
44:16 Eupseong
44:49 Fortified Wall
46:10 Town Watch
46:40 Hand Cart
47:34 Bow Saw
48:51 Architecture
49:21 Town Patrol
51:35 Light Cavalry
52:15 Husbandry
gizzinoca
14:05 Feudal Age
22:16 Castle Age
24:01 Double-Bit Axe
39:43 Imperial Age
40:33 Chemistry
44:00 Houfnice
45:06 Pikeman
46:18 Halberdier
Immortal The First
11:18 Feudal Age
14:56 Castle Age
14:39 Double-Bit Axe
14:40 Horse Collar
19:08 Bow Saw
22:02 Heavy Plow
25:49 Wheelbarrow
25:01 Loom
25:37 Gold Mining
25:46 Stone Mining
28:29 Scale Barding Armor
33:07 Imperial Age
31:37 Gold Shaft Mining
33:18 Hand Cart
32:49 Loom
32:49 Town Watch
33:25 Chain Barding Armor
33:16 Forging
33:08 Scale Mail Armor
34:16 Elite Mameluke
35:18 Conscription
35:12 Counterweights
36:00 Husbandry
36:11 Bloodlines
37:10 Plate Barding Armor
37:11 Iron Casting
38:32 Town Patrol
38:34 Padded Archer Armor
38:25 Fletching
38:50 Chain Mail Armor
39:34 Ballistics
41:31 Blast Furnace
46:19 Caravan
46:49 Coinage
49:01 Plate Mail Armor
48:30 Bodkin Arrow
48:51 Leather Archer Armor
49:09 Heavy Camel Rider
Çalooo
0:35 Loom
11:01 Feudal Age
17:02 Castle Age
16:07 Double-Bit Axe
16:07 Horse Collar
17:18 Wheelbarrow
20:24 Heavy Plow
21:01 Bow Saw
27:57 Elite Skirmisher
31:49 Imperial Age
31:24 Forging
31:15 Scale Mail Armor
31:20 Scale Barding Armor
32:15 Fletching
32:25 Padded Archer Armor
32:48 Ballistics
33:32 Chemistry
32:52 Ballistics
33:51 Cavalier
34:42 Bloodlines
35:34 Iron Casting
35:15 Chain Mail Armor
36:38 Chain Barding Armor
36:35 Leather Archer Armor
36:15 Bodkin Arrow
37:52 Crop Rotation
37:39 Hand Cart
36:49 Imperial Skirmisher
38:05 Paladin
39:57 Ring Archer Armor
40:28 Blast Furnace
39:59 Plate Mail Armor
39:04 Pikeman
39:45 Squires
39:30 Arson
46:28 Plate Barding Armor
省委高育良
0:27 Loom
13:28 Feudal Age
17:30 Castle Age
15:58 Stone Mining
16:17 Horse Collar
18:50 Double-Bit Axe
23:14 Fletching
25:41 Heavy Plow
27:10 Bodkin Arrow
34:05 Bow Saw
34:11 Fortified Wall
34:18 Gold Mining
37:59 Imperial Age
36:48 Chatras
38:14 Wheelbarrow
38:58 Forging
38:53 Scale Barding Armor
38:54 Town Watch
39:54 Elite Battle Elephant
40:46 Bloodlines
40:37 Husbandry
41:14 Iron Casting
41:06 Chain Barding Armor
41:13 Hand Cart
42:00 Two-Man Saw
41:33 Crop Rotation
所以狼
11:06 Feudal Age
14:55 Castle Age
13:35 Double-Bit Axe
13:32 Horse Collar
13:57 Gold Mining
25:22 Gold Shaft Mining
28:32 Imperial Age
27:00 Stone Mining
27:58 Scale Barding Armor
28:03 Forging
29:20 Chain Barding Armor
29:07 Heavy Plow
28:44 Elite Mameluke
29:45 Conscription
30:12 Iron Casting
34:17 Blast Furnace
34:40 Bloodlines
34:30 Husbandry
34:26 Light Cavalry
36:06 Plate Barding Armor
35:24 Fletching
35:35 Padded Archer Armor
35:44 Hussar
38:31 Chemistry
37:58 Bodkin Arrow
38:19 Leather Archer Armor
39:22 Bracer
39:47 Ballistics
40:17 Wheelbarrow
39:28 Loom
39:32 Town Watch
Chill Maister
0:28 Loom
4:07 Loom
13:48 Feudal Age
14:18 Horse Collar
14:25 Double-Bit Axe
14:44 Man-at-Arms
Connection lost

Rejoining the realm…

Still unreachable

The connection could not be restored.

Session expired

The server has moved on; the page needs a fresh start.